 Dungeon Crawl Stone Soup version 0.30-a0-304-gdc4b735fe1 (webtiles) character file.

Game seed: 16707690608204049967

206 ryw the Trooper (level 5, -1/46 HPs)
             Began as a Demonspawn Monk on Oct 21, 2022.
             Was an Initiate of Gozag.
             Splashed by a jelly's acid (10 damage)
             ... on level 4 of the Dungeon.
             The game lasted 00:06:49 (2559 turns).

ryw the Trooper (Demonspawn Monk)                   Turns: 2559, Time: 00:06:49

Health: -1/46      AC:  0    Str: 13    XL:     5   Next: 53%
Magic:  5/5        EV: 17    Int: 12    God:    Gozag
Gold:   219        SH:  0    Dex: 15    Spells: 4/4 levels left

rFire   . . .      SeeInvis .    p - +3 war axe (vamp)
rCold   . . .      Faith    .    (no shield)
rNeg    . . .      Spirit   .    a - +1 robe
rPois   .          Reflect  .    (no helmet)
rElec   .          Harm     .    o - +0 cloak
rCorr   .          Rampage  .    (no gloves)
Will    .....                    (no boots)
Stlth   +.........               (no amulet)
HPRegen 0.27/turn                (no ring)
MPRegen 0.09/turn                (no ring)

@: confused, agile, ambrosia-drunk, corroded, gold aura
A: powered by pain 1, demonic touch 1
a: Renounce Religion, Potion Petition, Call Merchant, Bribe Branch


You were on level 4 of the Dungeon.
You worshipped Gozag.
Gozag was aware of your devotion.
You visited 1 branch of the dungeon, and saw 4 of its levels.

You collected 466 gold pieces.
You spent 247 gold pieces at shops.

Inventory:

Hand Weapons
 p - a +3 vampiric war axe (weapon)
Missiles
 h - 3 boomerangs (quivered)
 t - 13 poisoned darts
Armour
 a - a +1 robe (worn)
 o - a +0 cloak (worn)
Jewellery
 c - a ring of magical power
 s - a ring of protection from fire
Scrolls
 d - a scroll of identify
 f - 2 scrolls of enchant armour
 i - a scroll of blinking
Potions
 e - a potion of cancellation
 j - 2 potions of lignification
 k - a potion of curing
 m - a potion of heal wounds
 q - a potion of might {unknown}


   Skills:
 + Level 5.6 Fighting
 + Level 2.2 Axes
 - Level 2.6 Dodging
 - Level 1.7 Stealth
 - Level 2.6 Unarmed Combat


You had 4 spell levels left.
You didn't know any spells.
Your spell library was empty.

Dungeon Overview and Level Annotations

Branches:
Dungeon (4/15)
 Temple: D:4-7

Altars:
Gozag
Nemelex Xobeh

Shops:
D:1 [   D:2 (


Innate Abilities, Weirdness & Mutations

You sometimes gain a little power by taking damage.
Your touch may inflict minor irresistible damage on your foes.


Message History

You closely miss the hound.
The hound is severely wounded.
You hit the kobold.
You feel better.
You kill the kobold!
The hound barely misses you. x2; The hound bites you but does no damage.
You slash the hound!
You kill the hound!
The jelly is distracted by your dazzling golden aura.
The jelly is no longer distracted by gold.
The hobgoblin shouts!
The jelly misses you.
You hit the jelly but do no damage.
Your hands burn!
The jelly barely misses you.
You hear a distant slurping noise.
You hit the jelly.
Your hands burn!
The jelly is lightly wounded.
The jelly hits you.
You are splashed with acid!
The jelly completely misses you.
You slash the jelly!
You feel better. The acid corrodes you!
Your hands burn!
The jelly is heavily wounded.
You hit the hobgoblin. The hobgoblin closely misses you.
The jelly closely misses you.
You slash the jelly!
Your hands burn!
The jelly is almost dead.
You barely miss the hobgoblin. The jelly hits you.
You are splashed with acid!
You focus on the pain.
You feel agile all of a sudden. The hobgoblin barely misses you.
The hobgoblin closely misses you. The jelly hits you.
You are splashed with acid!
* * * LOW HITPOINT WARNING * * *
You see here 5 gold pieces.
The hobgoblin hits you.
* * * LOW HITPOINT WARNING * * *
Unknown command.
You are confused.
You feel invigorated. The hobgoblin closely misses you. The jelly hits you.
* * * LOW HITPOINT WARNING * * *
You are splashed with acid!
You die...
Your body crumbles into a pile of gold.

..... .... ...
.. ###.#######
.###>........#
.........###.#
.......gJ..#.#
#?.....$@#.#.#
$
#.......<....#
#..!.....##..#
######.......#
#.####.## #+
#.# #.# #.###
### #...###
...


You could see a jelly and a hobgoblin.

Vanquished Creatures
  A howler monkey (D:4)
  2 hounds
  2 adders (D:2)
  5 dart slugs
  An orc (D:3)
  6 ball pythons
  8 bats
  8 endoplasms
  4 giant cockroaches
  2 goblins
  11 hobgoblins
  8 jackals
  4 quokkas
  3 frilled lizards
  5 kobolds
  A rat (D:1)
71 creatures vanquished.

Notes
Turn   | Place    | Note
-------+----------+-------------------------------------------
     0 | D:1      | ryw the Demonspawn Monk began the quest for the Orb.
     0 | D:1      | Reached XP level 1. HP: 18/18 MP: 1/1
    67 | D:1      | Found Dotui's Armour Shop.
   130 | D:1      | Gained mutation: Your touch may inflict minor irresistible
                  | damage on your foes. [demonic ancestry]
   130 | D:1      | Reached XP level 2. HP: 19/24 MP: 2/2
   446 | D:1      | Found a faded altar of an unknown god.
   454 | D:1      | Prayed at the altar of an unknown god.
   454 | D:1      | Became a worshipper of Gozag Ym Sagoz the Greedy
   461 | D:1      | Reached skill level 4 in Fighting
  1026 | D:2      | Found Joob's Weapon Shoppe.
  1076 | D:2      | Reached XP level 3. HP: 20/31 MP: 3/3
  1422 | D:2      | Bought a +2 vampiric war axe for 247 gold pieces
  1434 | D:3      | Reached XP level 4. HP: 38/38 MP: 4/4
  1453 | D:3      | Reached skill level 5 in Fighting
  1595 | D:3      | Reached skill level 1 in Axes
  1615 | D:3      | Found a faded altar of an unknown god.
  1621 | D:3      | Found a sparkling altar of Nemelex Xobeh.
  2165 | D:4      | Noticed a black bear
  2392 | D:4      | Gained mutation: You sometimes gain a little power by
                  | taking damage. [demonic ancestry]
  2392 | D:4      | Reached XP level 5. HP: 27/44 MP: 5/5
  2559 | D:4      | Splashed by a jelly's acid

Illustrated notes

Levels and vault maps discovered:
D:1:      eino_arrival_water_star, layout_basic,
          dreamdust_ecumenical_altar_grove, serial_forest,
          infiniplex_forest_lined_room_2, infiniplex_forest_end_2,
          infiniplex_forest_clump_C, infiniplex_forest_clump_C,
          infiniplex_forest_clump_medium, infiniplex_forest_straight_3,
          infiniplex_forest_end_2, infiniplex_forest_lined_2, serial_shops,
          nicolae_shop_waterfront
D:2:      minmay_alternating_diamond, layout_basic, serial_shops, shop, shop,
          shop_fountains
D:3:      layout_loops_ring, nicolae_overflow_ecumenical_swirl
D:4:      layout_basic, mainiacjoe_overflow_tiny_flanked, uniq_edmund

Skill      XL: |  1  2  3  4  5 |
---------------+----------------+-----
Fighting       | 4 5 |  5.6
Axes           | 1 2 |  2.2
Dodging        | |  2.6
Stealth        | |  1.7
Unarmed Combat | |  2.6

Action                   |  1- 3 |  4- 6 || total
-------------------------+-------+-------++-------
Melee: Unarmed           |    28 |       ||    28
       Punch             |     1 |     1 ||     2
       War axe           |    60 |    60 ||   120
       Touch             |    10 |     7 ||    17
  Use: Scroll            |       |    10 ||    10
       Potion            |       |     1 ||     1
 Stab: Sleeping          |     4 |     3 ||     7
       Distracted        |     1 |       ||     1
Armor: Robe              |    34 |    17 ||    51
Dodge: Dodged            |    71 |    34 ||   105

Table legend: (Time is in decaauts)
 A = Elapsed time spent in this place.
 B = Non-inter-level travel time spent in this place.
 C = Inter-level travel time spent in this place.
 D = Time resting spent in this place.
 E = Time spent auto-exploring this place.
 F = Levels seen in this place.
 G = Mean time per level.
                   A        B        C        D        E       F      G
               +--------+--------+--------+--------+--------+-----+--------+
         Total |   2612 |   2463 |    149 |     29 |   1940 |   4 |  653.0 |
       Dungeon |   2612 |   2463 |    149 |     29 |   1940 |   4 |  653.0 |
               +--------+--------+--------+--------+--------+-----+--------+

Top non-repeatable levels by time:
     D:1: 1032 daAuts
     D:3: 803 daAuts
     D:2: 421 daAuts
     D:4: 354 daAuts
